 Dungeon Crawl Stone Soup version 0.30.1-9-gdf580d7c3d (webtiles) character file.

Game seed: 12301389979841577243

8021 booth the Cleaver (level 11, -1/94 (97) HPs)
             Began as a Hill Orc Monk on Oct 3, 2023.
             Was a Priest of Beogh.
             Slain by a killer bee (6 damage)
             ... on level 9 of the Dungeon on Oct 4, 2023.
             The game lasted 01:20:59 (11552 turns).

booth the Cleaver (Hill Orc Monk)                  Turns: 11552, Time: 01:21:00

HP:   -1/94 (97)    AC: 10    Str: 19    XL:     11   Next: 24%
MP:   17/17         EV: 13    Int: 10    God:    Beogh [***...]
Gold: 284           SH:  0    Dex: 13    Spells: 10/10 levels left

rFire   + . .        o - +3 war axe (protect)
rCold   . . .        (no shield)
rNeg    + . .        n - +0 leather armour
rPois   .            (no helmet)
rElec   .            (no cloak)
rCorr   .            (no gloves)
SInv    .            (no boots)
Will    .....        (no amulet)
Stlth   +            m - ring of protection from fire
HPRegen 0.35/turn    h - ring of positive energy
MPRegen 0.15/turn

%: no passive effects
@: lethally poisoned (-1 -> -16), under a protective aura, lightly drained
A: no striking features
a: Renounce Religion, Smiting


You were on level 9 of the Dungeon.
You worshipped Beogh.
Beogh was most pleased with you.
You visited 1 branch of the dungeon, and saw 10 of its levels.
You also visited: Ossuary.

You collected 624 gold pieces.
You spent 340 gold pieces at shops.

Inventory:

Hand Weapons
 o - a +3 war axe of protection (weapon)
 p - the +7 flail "Xuyh" {drain, rElec rF+ Int+3 Stlth+}
   (You found it on level 3 of the Dungeon)

   Int:       It affects your intelligence (+3).
   rF:        It protects you from fire.
   rElec:     It insulates you from electricity.
   Stlth:     It makes you more stealthy.
 F - a +2 mace of protection
 J - a +4 battleaxe
Missiles
 k - 5 javelins
 l - 9 poisoned darts
 q - 18 boomerangs (quivered)
 P - a curare-tipped dart
Armour
 d - an orb of light
 n - a +0 leather armour (worn)
 G - a +0 ring mail
Jewellery
 a - a ring of willpower
 h - a ring of positive energy (right hand)
 m - a ring of protection from fire (left hand)
 r - a +4 ring of protection
 s - a ring of poison resistance
 H - a ring of willpower
Wands
 v - a wand of digging (3)
 K - a wand of light (9)
 O - a wand of charming (3)
Scrolls
 b - a scroll of fog
 e - 9 scrolls of teleportation
 j - 3 scrolls of poison
 w - a scroll of butterflies
 y - a scroll of immolation
 D - a scroll of magic mapping
 E - a scroll of amnesia
 L - a scroll of blinking {unknown}
Potions
 c - a potion of ambrosia
 f - 2 potions of flight
 g - 2 potions of invisibility
 i - a potion of heal wounds
 t - a potion of berserk rage
 u - a potion of attraction
 x - 4 potions of haste
 z - 3 potions of brilliance
 A - 4 potions of curing
 B - a potion of mutation
 C - a potion of lignification
 I - a potion of cancellation
Miscellaneous
 M - a condenser vane (inert)


   Skills:
 + Level 9.6 Fighting
 + Level 12.1(13.9) Axes
 + Level 9.4(11.4) Maces & Flails
 + Level 5.4 Throwing
 - Level 5.0 Dodging
 + Level 9.2 Invocations


You had 10 spell levels left.
You didn't know any spells.
Your spell library contained the following spells:

 Spells                   Type           Power      Damage    Failure   Level
 Beastly Appendage        Tmut           0%         N/A       41%         1
 Foxfire                  Conj/Fire      0%         2x1d4     41%         1
 Blink                    Tloc           0%         N/A       56%         2
 Lesser Beckoning         Tloc           0%         N/A       56%         2
 Momentum Strike          Conj/Tloc      0%         3d8       56%         2
 Poisonous Vapours        Pois/Air       0%         N/A       56%         2
 Static Discharge         Conj/Air       0%         2-2/arc   56%         2
 Wereblood                Tmut           0%         N/A       56%         2
 Mephitic Cloud           Conj/Pois/Air  0%         N/A       80%         3
 Ozocubu's Armour         Ice            0%         N/A       80%         3
 Spider Form              Tmut/Pois      0%         N/A       80%         3
 Airstrike                Air            0%         2d(0-16)  99%         4
 Manifold Assault         Tloc           0%         N/A       99%         4
 Summon Lightning Spire   Summ/Air       0%         N/A       99%         4
 Fireball                 Conj/Fire      0%         3d3       100%        5
 Freezing Cloud           Conj/Ice/Air   0%         6-21      100%        5
 Plasma Beam              Fire/Air       0%         2x1d11    100%        6
 Starburst                Conj/Fire      0%         6d3       100%        6
 Ozocubu's Refrigeration  Ice            0%         4d7       100%        7
 Storm Form               Tmut/Air       0%         N/A       100%        7


Dungeon Overview and Level Annotations

Branches:
Dungeon (10/15)            Temple (0/1) D:4         Ossuary (visited)
   Lair: D:8-11         Orc: D:9-12

Altars:
Trog
Zin

Shops:
D:1 *   D:3 [*(!?   D:4 ![


Message History

You feel very sick.
The killer bee stings you but does no damage.
The killer bee barely misses you. The killer bee misses you.
The killer bee closely misses you.
The killer bee stings you but does no damage. x2
You miss the killer bee.
The killer bee is moderately wounded.
You miss the killer bee. x2
You feel very sick. The killer bee misses you.
The killer bee barely misses you. The killer bee closely misses you.
You feel very sick.
The killer bee barely misses you. x2; The killer bee misses you. x2
The killer bee completely misses you. The killer bee stings you.
* * * LOW HITPOINT WARNING * * *
You are more poisoned.
The killer bee poisons you!
You climb upwards.
Reactivating autopickup.
You feel extremely sick.
There is a stone staircase leading down here.
You slash the killer bee!
Your weapon exudes an aura of protection.
The killer bee is almost dead.
You slash the killer bee! You closely miss the killer bee.
You feel very sick.
The killer bee misses you. x2; The killer bee closely misses you.
The killer bee stings you.
* * * LOW HITPOINT WARNING * * *
The killer bee stings you.
* * * LOW HITPOINT WARNING * * *
You are lethally poisoned!
The killer bee poisons you! The killer bee stings you.
* * * LOW HITPOINT WARNING * * *
* * * LOW HITPOINT WARNING * * *
You feel very sick. The killer bee closely misses you. x2
The killer bee stings you but does no damage.
The killer bee misses you. The killer bee stings you.
You die...

#......#.........#~≈####.#..
#......###.#######~~###.....
#............#..#..~≈##.....
#......###.#.#..#..≈≈~#....#
#[.....# #.#.#......~.......
######## #.#.#.......##.....
#.....# #.........####.....
#.....# #......#....##..###
#.....# #.@y........'......
#.....# #.yy...#....#.#)###
#.....####......#.####......
#.............#.#.######.#..
#......####...#.#.........).
#......####......####....#..
##.........#.............##..
#..........###...............
#...###....# #...............


You could see 3 killer bees.

Vanquished Creatures
  Pikel (D:8)
  An unseen horror (D:8)
  6 yaks (D:9)
  A steam dragon (D:7)
  Duvessa (D:7)
  A water moccasin (D:7)
  3 ice beasts
  3 sky beasts
  2 black bears
  2 centaurs
  2 lemures (D:8)
  2 kobold brigands
  2 bullfrogs
  5 scorpions
  15 wights
  Dowan (D:7)
  2 killer bees (D:10)
  4 howler monkeys
  3 centaur zombies (Ossuary)
  3 hounds
  A jelly (D:7)
  2 human zombies (Ossuary)
  2 orc priests (D:6)
  2 sleepcaps
  2 iguanas
  7 orc wizards
  3 hound zombies (Ossuary)
  3 mummies (Ossuary)
  9 adders
  2 white imps
  An ufetubus (D:6)
  4 adder zombies (Ossuary)
  A worm (D:4)
  2 dart slugs
  22 orcs
  8 ball pythons
  5 endoplasms
  5 giant cockroaches
  A gnoll zombie (Ossuary)
  6 goblins
  11 hobgoblins
  7 jackals
  10 kobolds
  3 quokkas
  5 bats
  8 frilled lizards
  4 goblin zombies (Ossuary)
  6 hobgoblin zombies (Ossuary)
  A jackal zombie (Ossuary)
  4 kobold zombies (Ossuary)
  An orc zombie (Ossuary)
  2 quokka zombies (Ossuary)
  A rat (D:2)
  4 rat zombies (Ossuary)
215 creatures vanquished.

Vanquished Creatures (others)
  An adder (D:6)
1 creature vanquished.

Grand Total: 216 creatures vanquished

Notes
Turn   | Place    | Note
-------+----------+-------------------------------------------
     0 | D:1      | booth the Hill Orc Monk began the quest for the Orb.
     0 | D:1      | Reached XP level 1. HP: 19/19 MP: 1/1
   155 | D:1      | Found Tekitz's Assorted Antiques.
   255 | D:1      | Reached XP level 2. HP: 27/27 MP: 2/2
   318 | D:1      | You fall into a shaft and drop 1 floor!
   383 | D:1      | Found a faded altar of an unknown god.
   889 | D:1      | Reached XP level 3. HP: 32/33 MP: 3/3
  1594 | D:2      | Reached XP level 4. HP: 41/41 MP: 4/4
  1629 | D:2      | Reached skill level 5 in Axes
  2242 | D:3      | Found Hauqahoa's Weapon Emporium.
  2264 | D:3      | Bought 2 poisoned darts for 12 gold pieces
  2402 | D:3      | Bought a +0 war axe for 35 gold pieces
  2444 | D:3      | Found Qadweipn's General Store.
  2450 | D:3      | Bought a potion of heal wounds for 60 gold pieces
  2450 | D:3      | Bought a scroll of identify for 24 gold pieces
  2459 | D:3      | Found Soecufi's Distillery.
  2469 | D:3      | Found Qekluh's Antique Armour Shoppe.
  2543 | D:3      | Identified the +7 flail "Xuyh" {drain, rElec rF+ Int+3
                  | Stlth+}
  2551 | D:3      | Found Husizxu's Magic Scroll Shop.
  2570 | D:3      | Bought a scroll of identify for 22 gold pieces
  2627 | D:3      | Found a glowing silver altar of Zin.
  2677 | D:4      | Found Duih's Distillery.
  2740 | D:4      | Found Dykam's Antique Armour Shoppe.
  2811 | D:4      | Reached XP level 5. HP: 47/47 MP: 5/5
  2927 | D:4      | Reached skill level 5 in Fighting
  3234 | D:4      | Found a staircase to the Ecumenical Temple.
  3631 | D:5      | Entered Level 5 of the Dungeon
  3662 | D:5      | Reached skill level 6 in Axes
  3662 | D:5      | Reached XP level 6. HP: 56/56 MP: 6/6
  3673 | D:5      | Found a sand-covered staircase.
  3684 | Ossuary  | Entered an ossuary
  4113 | Ossuary  | Reached XP level 7. HP: 52/63 MP: 7/7
  4410 | D:5      | Reached skill level 7 in Axes
  4987 | D:5      | Reached XP level 8. HP: 71/73 MP: 8/8
  5070 | D:5      | Reached skill level 5 in Dodging
  5375 | D:6      | Reached skill level 8 in Axes
  5394 | D:6      | Reached skill level 1 in Maces & Flails
  5394 | D:6      | Reached skill level 1 in Invocations
  5613 | D:6      | Became a worshipper of Beogh the Brigand
  5613 | D:6      | Reached * piety under Beogh
  5613 | D:6      | Reached ** piety under Beogh
  6889 | D:7      | Reached skill level 9 in Axes
  6889 | D:7      | Reached XP level 9. HP: 69/82 MP: 10/12
  7310 | D:7      | Reached skill level 1 in Throwing
  7556 | D:7      | Reached skill level 5 in Invocations
  7747 | D:7      | Noticed Dowan
  7760 | D:7      | Killed Dowan
  7792 | D:7      | Noticed Duvessa
  7802 | D:7      | Killed Duvessa
  8144 | D:7      | Reached skill level 11 in Axes
  8144 | D:7      | Reached XP level 10. HP: 88/88 MP: 13/16
  8251 | D:8      | Noticed Pikel
  8279 | D:8      | Killed Pikel
  8280 | D:8      | Reached skill level 5 in Throwing
  8449 | D:8      | HP: 2/91 [something (7)]
  8468 | D:8      | Killed an unseen horror
  8965 | D:8      | Reached XP level 11. HP: 94/97 MP: 17/17
  9120 | D:8      | Found a bloodstained altar of Trog.
  9420 | D:4      | Bought a potion of heal wounds for 50 gold pieces
  9454 | D:3      | Bought a scroll of teleportation for 33 gold pieces
  9476 | D:3      | Bought a potion of heal wounds for 65 gold pieces
  9476 | D:3      | Bought a potion of curing for 39 gold pieces
  9911 | D:9      | Reached *** piety under Beogh
 10669 | D:9      | Reached skill level 12 in Axes
 10980 | D:9      | Identified the +3 dagger "Jecrar" {flame, rF+ Will- Dex+3}
 11536 | D:10     | Entered Level 10 of the Dungeon
 11552 | D:9      | Slain by a killer bee

Illustrated notes

Levels and vault maps discovered:
D:1:      elethiomel_arrival_quiet, layout_basic,
          shapermc_ecumenical_altar_ellora, serial_shops, nicolae_shop_stone
D:2:      layout_loops_ring, nicolae_hexahallways, chequers_serial_rivers_marsh,
          minmay_goblin_outpost
D:3:      layout_rooms, zin_scriptorium, serial_shops, shop, shop, shop,
          nicolae_shop_just_a_little_nook, shop
D:4:      wad_pebble_path, layout_loops_ring, minmay_temple_entry_hall,
          serial_shops, shop, nicolae_diamond_shop, amcnicky_mini_pool_small,
          minmay_misc_feat_rows
D:5:      layout_loops_ring, nicolae_ossuary_entry_monument,
          supply_closet_lemuel
D:6:      layout_basic, minmay_misc_feat_nine_boxes
D:7:      layout_loops_ring, patterned_corridor, uniq_duvessa
D:8:      layout_basic, lemuel_round_altar, serial_glass, glass_columns_a,
          glass_columns_b, minmay_strange_pillars, feat_on_display,
          minmay_strange_pillars, item_on_display_a, amethyst_killhole,
          minmay_misc_feat_diagonals, uniq_pikel
D:9:      layout_basic, serial_rivers, chequers_serial_rivers_micro_e,
          chequers_serial_rivers_small_a, chequers_serial_rivers_marsh,
          chequers_serial_rivers_micro_b, chequers_serial_rivers_small_a,
          chequers_serial_rivers_room_a
D:10:     layout_basic, david_lair_shrubbed,
          kennysheep_orc_monster_closet_entryway

Skill      XL: |  1  2  3  4  5  6  7  8  9 10 11 |
---------------+----------------------------------+-----
Fighting       | 4 5 6 7 8 9 |  9.6
Dodging        | 3 4 5 |  5.0
Axes           | 5 6 7 9 11 12 | 12.1
Maces & Flails | 3 8 9 |  9.4
Invocations    | 4 8 9 |  9.2
Throwing       | 4 5 |  5.4

Action                     |  1- 3 |  4- 6 |  7- 9 | 10-12 || total
---------------------------+-------+-------+-------+-------++-------
  Melee: Hand axe          |    86 |    62 |       |       ||   148
         War axe           |       |   142 |    89 |    63 ||   294
         Punch             |       |     2 |     2 |       ||     4
         Flail             |       |       |   141 |   103 ||   244
  Throw: Boomerang         |       |       |     8 |    10 ||    18
         Dart              |       |       |       |     2 ||     2
 Invoke: Convert to Beogh  |       |       |     1 |       ||     1
  Evoke: Wand              |       |       |       |     1 ||     1
         Condenser vane    |       |       |       |     1 ||     1
    Use: Scroll            |     1 |    10 |     7 |     4 ||    22
         Potion            |     1 |     1 |     4 |     6 ||    12
   Stab: Sleeping          |       |       |       |     1 ||     1
 Armour: Robe              |     6 |       |       |       ||     6
         Leather armour    |       |    64 |    53 |    48 ||   165
  Dodge: Dodged            |    47 |   171 |   144 |    99 ||   461
